 Dungeon Crawl Stone Soup version bcrawl-1.12-10-g10a67aac0f (webtiles) character file.

Game seed: 12534919273660815552

324 Freyura the Skirmisher (level 6, -6/57 HPs)
             Began as a Hill Orc Fighter on June 16, 2019.
             Was a Follower of Ashenzari.
             Mangled by an ogre
             ... wielding a +0 giant spiked club
              (9 damage)
             ... on level 3 of the Dungeon.
             The game lasted 00:07:48 (1980 turns).

Freyura the Skirmisher (Hill Orc Fighter)           Turns: 1980, Time: 00:07:48

Health: -6/57      AC:  6    Str: 19    XL:     6   Next: 48%
Magic:  6/6        EV:  8    Int:  8    God:    Ashenzari [*.....]
Gold:   196        SH:  9    Dex: 12    Spells: 5/5 levels left

rFire    + . .     SeeInvis .   a - +1 flail (curse)
rCold    . . .     Gourm    .   c - +0 shield (curse)
rNeg     . . .     Faith    .   k - +0 ring mail
rPois    .         Spirit   .   (no helmet)
rElec    .         Reflect  .   d - +0 cloak
rCorr    .         Harm     .   (no gloves)
MR       .....                  (no boots)
Stlth    +.........             (no amulet)
HPRegen  0.19/turn              i - ring of protection from fire
MPRegen  0.10/turn              (no ring)

@: no status effects
A: no striking features
a: Curse Item, Scrying, Renounce Religion


You were on level 3 of the Dungeon.
You worshipped Ashenzari.
Ashenzari was aware of your devotion.
You were not hungry.

You visited 1 branch of the dungeon, and saw 3 of its levels.

You collected 196 gold pieces.

Inventory:

Hand Weapons
 a - a cursed +1 flail (weapon)
Armour
 b - a +0 scale mail
 c - a cursed +0 shield (worn)
 d - a +0 cloak (worn)
 k - a +0 ring mail (worn)
Jewellery
 i - a ring of protection from fire (left hand)
Wands
 p - a wand of paralysis (11)
Scrolls
 g - 2 scrolls of enchant weapon
 h - 2 scrolls of teleportation
 j - a scroll of remove curse
 r - a scroll of identify {unknown}
Potions
 e - 2 potions of ambrosia {unknown}
 l - a potion of flight {unknown}
 m - a potion of magic {unknown}
 n - 2 potions of brilliance {unknown}
 o - a potion of heal wounds {unknown}
 q - a potion of agility {unknown}
 s - a potion of mutation {unknown}
 t - a potion of curing {unknown}
Comestibles
 f - 3 rations {!d}


   Skills:
 * Level 6.3 Fighting
   Level 6.3 Short Blades
   Level 6.3 Long Blades
   Level 6.3 Axes
   Level 6.3 Maces & Flails
   Level 6.3 Polearms
   Level 6.3 Staves
 + Level 3.6 Armour
 - Level 1.3 Dodging
 - Level 0.3 Stealth
 + Level 3.6 Shields
   Level 6.3 Unarmed Combat


You had 5 spell levels left.
You didn't know any spells.
Your spell library contained the following spells:

 Spells                   Type           Power        Failure   Level  Hunger
 Corona                   Hex            #......      97%         1    ##.....
 Ensorcelled Hibernation  Hex/Ice        #.....       99%         2    ###....
 Confuse                  Hex            #.......     100%        3    ####...
 Dazzling Spray           Conj/Hex       #.....       100%        3    ####...
 Tukima's Dance           Hex            #.......     100%        3    ####...


Dungeon Overview and Level Annotations

Branches:
Dungeon (3/12)

Altars:
Ashenzari
Sif Muna
Uskayaw


Message History

You barely miss the orc. You block the orc's attack.
The orc hits you with a +0 hand axe. The ogre barely misses you.
You sock the orc!
You kill the orc!
You barely miss the ogre.
The ogre hits you with a +0 giant spiked club!!
You hit the ogre but do no damage. You block the ogre's attack.
You hit the ogre.
The ogre is lightly wounded.
You block the ogre's attack.
You hit the ogre but do no damage.
The ogre is lightly wounded.
You hit the ogre.
The ogre is moderately wounded.
The ogre hits you with a +0 giant spiked club!!
* * * LOW HITPOINT WARNING * * *
You sock the ogre!
The ogre is severely wounded.
The ogre hits you with a +0 giant spiked club!
You die...

## ## #. .# #.#.. ...
... .# #.# .# #
#.#..# #. #@#..####.#
###..#
#.##O#..##.......<..#
#...o...#............
#....).##.....##.....
####.####.....##.....
#.# #.....##..... #.#
#.....##...>. #.#
#...........
##.########.##.)..)


You could see an ogre and an orc.

Vanquished Creatures
  Sigmund (D:2)
  An orc priest (D:3)
  Crazy Yiuf (D:3)
  An adder (D:3)
  3 oozes
  A worm (D:2)
  2 dart slugs
  4 leopard geckos
  2 orcs (D:3)
  2 ball pythons (D:1)
  7 bats
  2 giant cockroaches
  4 goblins
  13 hobgoblins
  5 jackals (D:3)
  4 kobolds
  7 frilled lizards
  13 rats
73 creatures vanquished.

Notes
Turn   | Place    | Note
-------+----------+-------------------------------------------
     0 | D:1      | Freyura the Hill Orc Fighter began the quest for the Orb.
     0 | D:1      | Reached XP level 1. HP: 20/20 MP: 1/1
   145 | D:1      | Reached XP level 2. HP: 28/28 MP: 2/2
   468 | D:1      | Reached XP level 3. HP: 31/34 MP: 3/3
   674 | D:2      | Found a shattered altar of Ashenzari.
   711 | D:2      | Found a hide-covered altar of Uskayaw.
   715 | D:2      | Noticed a +0 dagger
   715 | D:2      | Noticed a +0 hand axe
   762 | D:2      | Became a worshipper of Ashenzari the Shackled
   912 | D:2      | Reached skill level 5 in Fighting
  1134 | D:2      | Noticed Sigmund
  1134 | D:2      | Paralysed by Sigmund for 2 turns
  1138 | D:2      | Reached XP level 4. HP: 34/42 MP: 4/4
  1146 | D:2      | Killed Sigmund
  1146 | D:2      | Reached skill level 6 in Fighting
  1146 | D:2      | Reached skill level 1 in Dodging
  1146 | D:2      | Reached XP level 5. HP: 42/50 MP: 5/5
  1193 | D:2      | Reached XP level 6. HP: 56/57 MP: 6/6
  1479 | D:2      | Found a deep blue altar of Sif Muna.
  1857 | D:3      | Reached * piety under Ashenzari
  1904 | D:3      | Found a runed door.
  1908 | D:3      | Noticed Crazy Yiuf
  1911 | D:3      | Killed Crazy Yiuf
  1980 | D:3      | Mangled by an ogre

Skill      XL: |  1  2  3  4 |
---------------+-------------+-----
Fighting       | 5 6 |  6.3
Dodging        | 1 |  1.3
Short Blades   | |  6.3
Long Blades    | |  6.3
Axes           | |  6.3
Maces & Flails | |  6.3
Polearms       | |  6.3
Staves         | |  6.3
Armour         | |  3.6
Stealth        | |  0.3
Shields        | |  3.6
Unarmed Combat | |  6.3

Action                   |  1- 3 |  4- 6 || total
-------------------------+-------+-------++-------
Melee: Flail             |   124 |    85 ||   209
Invok: Curse Item        |       |     2 ||     2
  Use: Potion            |       |     2 ||     2
       Scroll            |       |     4 ||     4
  Eat: Chunk             |     1 |     3 ||     4
Armor: Scale mail        |    10 |       ||    10
       Ring mail         |    26 |    20 ||    46
Dodge: Dodged            |    41 |    19 ||    60
Block: Shield            |    53 |    32 ||    85
